 Dungeon Crawl Stone Soup version 0.28.0 (webtiles) character file.

Game seed: 3472716143367196694

7 fragbeetle the Slasher (level 1, 17/19 HPs)
             Began as a Minotaur Monk on Feb 18, 2022.
             Was a Believer of Sif Muna.
             Quit the game on level 1 of the Dungeon.
             The game lasted 00:00:34 (218 turns).

fragbeetle the Slasher (Minotaur Monk)               Turns: 218, Time: 00:00:35

Health: 17/19      AC:  3    Str: 15    XL:     1   Next: 83%
Magic:  0/0        EV: 12    Int:  7    God:    Sif Muna [**....]
Gold:   0          SH:  0    Dex: 12    Spells: 0/0 levels left

rFire   . . .      SeeInvis .   a - +0 falchion
rCold   . . .      Faith    .   (no shield)
rNeg    . . .      Spirit   .   e - +0 leather armour
rPois   .          Reflect  .   (helmet restricted)
rElec   .          Harm     .   (no cloak)
rCorr   .          Rampage  .   (no gloves)
Will    .....                   (no boots)
Stlth   +.........              (no amulet)
HPRegen 0.06/turn               (no ring)
MPRegen 0.07/turn               (no ring)

@: no status effects
A: horns 2, retaliatory headbutt
a: Renounce Religion, Channel Magic


You were on level 1 of the Dungeon.
You worshipped Sif Muna.
Sif Muna was pleased with you.
You visited 1 branch of the dungeon, and saw 1 of its levels.

Inventory:

Hand Weapons
 a - a +0 falchion (weapon)
Missiles
 d - 15 bolts
 g - 6 boomerangs (quivered)
Armour
 b - a +0 robe
 e - a +0 leather armour (worn)
Scrolls
 f - a scroll of identify {unknown}
Potions
 c - a potion of cancellation {unknown}


   Skills:
 - Level 3.6 Fighting
 + Level 4.2 Long Blades
 - Level 3.2 Dodging
 - Level 1.5 Stealth


You couldn't memorise any spells.
You didn't know any spells.
Your spell library contained the following spells:

 Spells                   Type           Power      Damage    Failure   Level
 Gell's Gravitas          Tloc           0%         N/A       86%         3
 Lesser Beckoning         Tloc           0%         N/A       86%         3
 Teleport Other           Tloc           0%         N/A       86%         3


Dungeon Overview and Level Annotations

Branches:
Dungeon (1/15)

Altars:
Sif Muna


Innate Abilities, Weirdness & Mutations

You have a pair of horns on your head.
You reflexively headbutt those who attack you in melee.


Message History

Found a faded altar of an unknown god.
There is a huge open gate here.
There is a huge open gate here.
A bat comes into view.
There is a huge open gate here.
A bat is nearby!
Found 6 boomerangs and a short sword.
Found 4 gold pieces.
The bat closely misses you. The bat hits you but does no damage.
You slash the bat!
You kill the bat!
No target in view!
No target in view!
A kobold comes into view. It is wielding a +0 short sword.
You see here 6 boomerangs.
g - 6 boomerangs The kobold shouts!
The kobold throws a stone.
The stone barely misses you.
The kobold throws a stone.
The stone closely misses you.
There is a huge open gate here.
There is a huge open gate here.
There is a faded altar of an unknown god here.
You cannot tell which god this altar belongs to.
Convert to them anyway?
Sif Muna accepts your prayer! Sif Muna welcomes you!
You can now call upon Sif Muna for magical energy.
There is a huge open gate here.
There is a huge open gate here.
You hit the kobold.
The kobold is heavily wounded.
The kobold hits you with a +0 short sword.
You closely miss the kobold. Your headbutt misses the kobold.
The kobold is heavily wounded.
The kobold closely misses you. The kobold misses you.
You slash the kobold!
You kill the kobold!
Sif Muna accepts your kill.
No target in view!
Autopickup is now off.
Are you sure you want to abandon this character and quit the game? (Confirm with "yes".)

#.....#..........
#.....#..........
##................ #
#...'''''......... #.
#...'''''.........
#.###...''_''........
##.......'''''.......
.........'''''.......
.........#@........##
.........#)........#
...............#....
#..............#....
#....).........# ...
#..............# ..
...............#
..............##
...$..##......#


There were no monsters in sight!

Vanquished Creatures
  3 bats (D:1)
  A kobold (D:1)
  A ball python (D:1)
  A rat (D:1)
6 creatures vanquished.

Notes
Turn   | Place    | Note
-------+----------+-------------------------------------------
     0 | D:1      | fragbeetle the Minotaur Monk began the quest for the Orb.
     0 | D:1      | Reached XP level 1. HP: 19/19 MP: 0/0
   125 | D:1      | Reached skill level 4 in Long Blades
   191 | D:1      | Found a faded altar of an unknown god.
   211 | D:1      | Prayed at the altar of an unknown god.
   211 | D:1      | Became a worshipper of Sif Muna the Loreminder
   211 | D:1      | Reached * piety under Sif Muna
   211 | D:1      | Reached ** piety under Sif Muna
   218 | D:1      | Quit the game

Illustrated notes

Levels and vault maps discovered:
D:1:      kilobyte_arrival_exit_the_forest, layout_basic,
          hellmonk_ecumenical_altar_heavens_door,
          chequers_serial_rivers_small_a, minivault_19

Skill      XL: |  1 |
---------------+----+-----
Long Blades    | 4 |  4.2
Fighting       | |  3.6
Dodging        | |  3.2
Stealth        | |  1.5

Action                   || total
-------------------------++-------
Melee: Falchion          ||     8
       Headbutt          ||     1
Armor: Leather armour    ||     1
Dodge: Dodged            ||     8
